 Dungeon Crawl Stone Soup version 0.29-a0-998-g1987434951 (webtiles) character file.

Game seed: 7337776543971554019

72 BritishOli the Slasher (level 4, -2/34 HPs)
             Began as a Demonspawn Gladiator on Aug 5, 2022.
             Slain by a gnoll
             ... wielding a +0 flail
              (6 damage)
             ... on level 2 of the Dungeon.
             The game lasted 00:01:08 (1834 turns).

BritishOli the Slasher (Demonspawn Gladiator)       Turns: 1834, Time: 00:01:09

Health: -2/34      AC:  4    Str: 16    XL:     4   Next: 7%
Magic:  4/4        EV: 12    Int:  9    God:
Gold:   44         SH:  0    Dex: 15    Spells: 3/3 levels left

rFire   . . .      SeeInvis .   a - +0 long sword
rCold   . . .      Faith    .   (no shield)
rNeg    . . .      Spirit   .   b - +0 leather armour
rPois   .          Reflect  .   c - +0 helmet
rElec   .          Harm     .   (no cloak)
rCorr   .          Rampage  .   (no gloves)
Will    .....                   (no boots)
Stlth   +.........              (no amulet)
HPRegen 0.11/turn               (no ring)
MPRegen 0.09/turn               (no ring)

@: no status effects
A: hooves 1
a: no special abilities


You were on level 2 of the Dungeon.
You visited 1 branch of the dungeon, and saw 2 of its levels.

You collected 44 gold pieces.

Inventory:

Hand Weapons
 a - a +0 long sword (weapon)
Missiles
 d - 3 throwing nets (quivered)
 e - a javelin
Armour
 b - a +0 leather armour (worn)
 c - a +0 helmet (worn)
Jewellery
 f - a ring of willpower
Scrolls
 g - 3 scrolls of identify {unknown}
 l - 2 scrolls of teleportation {unknown}
 n - a scroll of poison {unknown}
Potions
 h - 3 potions of attraction {unknown}
 i - a potion of ambrosia {unknown}
 j - 2 potions of might {unknown}
 k - 3 potions of curing {unknown}
 m - 2 potions of cancellation {unknown}


   Skills:
 + Level 2.7 Fighting
 + Level 3.2 Long Blades
 - Level 2.0 Throwing
 + Level 1.2 Armour
 + Level 3.2 Dodging


You had 3 spell levels left.
You didn't know any spells.
Your spell library contained the following spells:

 Spells                   Type           Power      Damage    Failure   Level
 Magic Dart               Conj           0%         1d3       45%         1
 Searing Ray              Conj           0%         2d4       58%         2
 Fulminant Prism          Conj/Hex       0%         3d6       99%         4


Dungeon Overview and Level Annotations

Branches:
Dungeon (2/15)

Altars:


Innate Abilities, Weirdness & Mutations

You have large cloven feet.


Message History

A gnoll is nearby!
You hit the gnoll. You kick the gnoll.
The gnoll is heavily wounded.
The gnoll hits you with a +0 club!
A gnoll is nearby!
You are too injured to fight recklessly!
A gnoll is nearby!
You are too injured to fight recklessly!
A gnoll is nearby!
You are too injured to fight recklessly!
A gnoll is nearby!
You are too injured to fight recklessly!
A gnoll is nearby!
A gnoll is nearby!
You are too injured to fight recklessly!
You barely miss the gnoll. Your kick misses the gnoll.
The gnoll is heavily wounded.
The gnoll hits you with a +0 club.
* * * LOW HITPOINT WARNING * * *
You barely miss the gnoll. You kick the gnoll.
The gnoll is severely wounded.
The gnoll hits you with a +0 club.
* * * LOW HITPOINT WARNING * * *
You hit the gnoll.
The gnoll is almost dead.
The gnoll hits you with a +0 club.
* * * LOW HITPOINT WARNING * * *
You hit the gnoll.
You kill the gnoll!
You have reached level 4!
You feel agile.
You start resting.
A gnoll comes into view. It is wielding a +0 flail.
You are too injured to fight recklessly!
You start resting.
A gnoll is nearby!
A bat comes into view.
The bat hits you but does no damage. The gnoll attacks as you move away!
The gnoll hits you with a +0 flail.
You die...

#....#....# #.#...#.#
#...####..# #)#...#.#
##.######.########.#...#.#
###...............#+###.#
............#####....#
#######.....# #....#
#.....# #....# #..g..#
#....# #..@..# ##.....
#..b..# ####.# #.....# .#
#.....# # #####.# .# .# ..


You could see a gnoll and a bat.

Vanquished Creatures
  An adder (D:2)
  2 gnolls (D:2)
  A worm (D:2)
  3 endoplasms
  13 giant cockroaches
  3 goblins
  2 hobgoblins (D:2)
  A quokka (D:2)
  4 ball pythons (D:2)
  2 bats
  3 kobolds
35 creatures vanquished.

Vanquished Creatures (others)
  7 fungi (D:2)
  4 plants (D:2)
11 creatures vanquished.

Grand Total: 46 creatures vanquished

Notes
Turn   | Place    | Note
-------+----------+-------------------------------------------
     0 | D:1      | BritishOli the Demonspawn Gladiator began the quest for the
                  | Orb.
     0 | D:1      | Reached XP level 1. HP: 16/16 MP: 1/1
   249 | D:1      | Gained mutation: You have large cloven feet. [demonic
                  | ancestry]
   249 | D:1      | Reached XP level 2. HP: 17/22 MP: 2/2
  1076 | D:2      | Reached XP level 3. HP: 28/28 MP: 3/3
  1183 | D:2      | Reached skill level 1 in Armour
  1596 | D:2      | Found a faded altar of an unknown god.
  1816 | D:2      | Reached XP level 4. HP: 2/34 MP: 4/4
  1834 | D:2      | Slain by a gnoll

Illustrated notes

Levels and vault maps discovered:
D:1:      dpeg_arrival_windows_large_door, layout_basic
D:2:      minmay_roachtagon, layout_basic,
          dreamdust_ecumenical_altar_hidden_monk_grotto, uniq_crazy_yiuf_cottage

Skill      XL: |  1  2  3 |
---------------+----------+-----
Throwing       | 2 |  2.0
Long Blades    | 3 |  3.2
Dodging        | 3 |  3.2
Armour         | 1 |  1.2
Fighting       | |  2.7

Action                   |  1- 3 |  4- 6 || total
-------------------------+-------+-------++-------
Melee: Long sword        |    92 |       ||    92
       Punch             |     3 |       ||     3
       Kick              |    16 |       ||    16
 Stab: Sleeping          |     1 |       ||     1
Armor: Leather armour    |    34 |     1 ||    35
Dodge: Dodged            |    78 |       ||    78

Table legend: (Time is in decaauts)
 A = Elapsed time spent in this place.
 B = Non-inter-level travel time spent in this place.
 C = Inter-level travel time spent in this place.
 D = Time resting spent in this place.
 E = Time spent auto-exploring this place.
 F = Levels seen in this place.
 G = Mean time per level.
                   A        B        C        D        E       F      G
               +--------+--------+--------+--------+--------+-----+--------+
         Total |   1856 |   1850 |      6 |      9 |   1632 |   2 |  928.0 |
       Dungeon |   1856 |   1850 |      6 |      9 |   1632 |   2 |  928.0 |
               +--------+--------+--------+--------+--------+-----+--------+

Top non-repeatable levels by time:
     D:2: 1123 daAuts
     D:1: 733 daAuts
